 Dungeon Crawl Stone Soup version 0.25-a0-42-g6c54e25894 (webtiles) character file.

Game seed: 18198746706063498687, levelgen mode: deterministic

161 Arixos the Skirmisher (level 5, -1/42 HPs)
             Began as a Mummy Monk on Oct 22, 2019.
             Slain by a hound (2 damage)
             ... on level 4 of the Dungeon.
             The game lasted 00:04:25 (2176 turns).

Arixos the Skirmisher (Mummy Monk)                  Turns: 2176, Time: 00:04:26

Health: -1/42      AC:  3    Str: 15    XL:     5   Next: 19%
Magic:  5/5        EV: 13    Int: 10    God:
Gold:   219        SH:  0    Dex: 14    Spells: 4/4 levels left

rFire    x . .     SeeInvis .   a - +0 falchion
rCold    + . .     Gourm    .   (no shield)
rNeg     + + +     Faith    .   f - +0 leather armour
rPois    ∞         Spirit   .   (no helmet)
rElec    .         Reflect  .   (no cloak)
rCorr    .         Harm     .   (no gloves)
MR       .....                  (no boots)
Stlth    ++........             (no amulet)
HPRegen  0.14/turn              (no ring)
MPRegen  0.09/turn              (no ring)

@: no status effects
A: no food or potions, fire vulnerability, cold resistance 1, negative energy
resistance 3, torment resistance, unbreathing
a: no special abilities


You were on level 4 of the Dungeon.
You were not hungry.

You visited 1 branch of the dungeon, and saw 4 of its levels.

You collected 219 gold pieces.

Inventory:

Hand Weapons
 a - a +0 falchion (weapon)
Armour
 f - a +0 leather armour (worn)
Wands
 i - a wand of random effects (11)
Scrolls
 b - a scroll of teleportation {unknown}
 c - 7 scrolls of identify {unknown}
 d - 2 scrolls of remove curse {unknown}
 e - 2 scrolls of amnesia {unknown}
 g - a scroll of immolation {unknown}
 h - a scroll of blinking {unknown}


   Skills:
 + Level 4.2 Fighting
 - Level 2.4 Long Blades
 + Level 2.1 Armour
 + Level 3.4 Dodging
 - Level 1.5 Stealth


You had 4 spell levels left.
You didn't know any spells.
Your spell library was empty.

Dungeon Overview and Level Annotations

Branches:
Dungeon (4/15)
 Temple: D:4-7

Altars:
Elyvilon
Yredelemnul

Annotations:
D:4 2 runed translucent doors


Innate Abilities, Weirdness & Mutations

You do not eat or drink.
Your flesh is vulnerable to fire.
You are immune to poison.
Your flesh is cold resistant. (rC+)
You are immune to negative energy. (rN+++)
You are immune to unholy pain and torment.
You can survive without breathing.


Message History

The hound is moderately wounded.
The worker ant closely misses you.
You riposte.
You hit the worker ant.
The worker ant is moderately wounded.
The adder barely misses you. The hound bites you.
* * * LOW HITPOINT WARNING * * *
The worker ant bites you.
* * * LOW HITPOINT WARNING * * *
The hound closely misses you. The adder bites you.
* * * LOW HITPOINT WARNING * * *
The hound bites you.
* * * LOW HITPOINT WARNING * * *
The adder barely misses you. The hound barely misses you.
You riposte.
You hit the hound but do no damage.
The hound is moderately wounded.
The adder bites you.
* * * LOW HITPOINT WARNING * * *
The hound bites you.
You die...

### ........#...........##
#######........###.........#
#....##.........##.........##
................#...........##
.............................#
#####........................#
##...........†..........##
##.......#####......####
##.###....@h........##
#.##......Sa........#
###.......#.##......#
..........##.......#
##...#....####....###
######..## ##).## ...# ####
#...#


You could see a hound, a worker ant and an adder.

Vanquished Creatures
  A scorpion (D:4)
  3 adders
  An ooze (D:1)
  4 worms
  2 dart slugs
  4 leopard geckos
  7 giant cockroaches
  A hobgoblin (D:3)
  7 jackals
  A quokka (D:3)
  5 bats
  6 frilled lizards
  8 goblins
  7 kobolds
  A quokka skeleton (D:4)
  4 rats
62 creatures vanquished.

Notes
Turn   | Place    | Note
-------+----------+-------------------------------------------
     0 | D:1      | Arixos the Mummy Monk began the quest for the Orb.
     0 | D:1      | Reached XP level 1. HP: 18/18 MP: 1/1
   155 | D:1      | Reached XP level 2. HP: 21/24 MP: 2/2
   723 | D:2      | Found a basalt altar of Yredelemnul.
   816 | D:2      | Reached skill level 1 in Armour
   816 | D:2      | Reached XP level 3. HP: 21/29 MP: 3/3
  1119 | D:2      | Found a white marble altar of Elyvilon.
  1548 | D:2      | Reached XP level 4. HP: 35/37 MP: 4/4
  1908 | D:3      | Reached skill level 4 in Fighting
  2104 | D:4      | Found a runed translucent gate.
  2104 | D:4      | Found a runed translucent gate.
  2104 | D:4      | Identified the +5 short sword of Ancient Evil {venom, rN+
                  | Dex+2}
  2139 | D:4      | Reached XP level 5. HP: 42/42 MP: 5/5
  2175 | D:4      | HP: 1/42 [adder (3)]
  2176 | D:4      | Slain by a hound

Levels and vault maps discovered:
D:1:      lightli_arrival_noodles, layout_loops_corners, serial_glass,
          glass_columns_a, glass_columns_a, item_on_display_a
D:2:      layout_basic, kennysheep_ying_yang, minmay_tromino_v4_a
D:3:      layout_rooms, hangedman_decor_diamond_cutter, amethyst_killhole
D:4:      layout_cave_pools, gammafunk_ghost_nasty_kobolds

Skill      XL: |  1  2  3  4 |
---------------+-------------+-----
Armour         | 1 2 |  2.1
Dodging        | 3 |  3.4
Fighting       | 4 |  4.2
Long Blades    | |  2.4
Stealth        | |  1.5

Action                   |  1- 3 |  4- 6 || total
-------------------------+-------+-------++-------
Melee: Falchion          |   109 |    91 ||   200
 Stab: Sleeping          |     3 |       ||     3
Armor: Robe              |     6 |       ||     6
       Leather armour    |    21 |    15 ||    36
Dodge: Dodged            |    82 |    90 ||   172
       Rpst.: Falchion   |    25 |    29 ||    54

Table legend:
 A = Non-vault XP
 B = Vault XP
 C = Vault XP percentage of total XP
 D = Non-vault monster count
 E = Vault monster count
 F = Vault count percentage of total count
                 A         B        C        D         E       F
            +---------+---------+-------+---------+---------+-------
      Total |     212 |      19 |   8.2 |      58 |       4 |   6.5
            +---------+---------+-------+---------+---------+-------
        D:1 |      24 |       0 |   0.0 |      14 |       0 |   0.0
        D:2 |      54 |      19 |  26.0 |      19 |       4 |  17.4
        D:3 |      63 |       0 |   0.0 |      23 |       0 |   0.0
        D:4 |      71 |       0 |   0.0 |       2 |       0 |   0.0
            +---------+---------+-------+---------+---------+-------
